 Dungeon Crawl Stone Soup version 0.22.1-1-ga44c0e56f4 (webtiles) character file.

136 AxeAttX the Chopper (level 4, -1/44 HPs)
             Began as a Deep Dwarf Fighter on Oct 31, 2018.
             Was an Initiate of Makhleb.
             Killed from afar by Ijyb (16 damage)
             ... with a wand of acid (7)
             ... on level 3 of the Dungeon.
             The game lasted 00:01:22 (1036 turns).

AxeAttX the Chopper (Deep Dwarf Fighter)            Turns: 1036, Time: 00:01:23

Health: -1/44      AC: -1    Str: 20    XL:     4   Next: 98%
Magic:  4/4        EV:  7    Int:  9    God:    Makhleb [......]
Gold:   103        SH:  9    Dex: 12    Spells: 3/3 levels left

rFire    . . .     SeeInvis .   a - +0 war axe
rCold    . . .     Gourm    .   c - +0 shield
rNeg     . . .     Faith    .   b - +0 scale mail
rPois    .         Spirit   .   (no helmet)
rElec    .         Reflect  .   (no cloak)
rCorr    .         Harm     .   (no gloves)
MR       .....                  (no boots)
Stlth    ..........             (no amulet)
HPRegen  0.00/turn              (no ring)
MPRegen  0.09/turn              (no ring)

@: corroded, non-regenerating
A: damage resistance, heal wounds, sense surroundings 1, no regeneration
a: Heal Wounds, Renounce Religion


You were on level 3 of the Dungeon.
You worshipped Makhleb.
Makhleb was noncommittal.
You were not hungry.

You visited 1 branch of the dungeon, and saw 3 of its levels.

You collected 103 gold pieces.

Inventory:

Hand Weapons
 a - a +0 war axe (weapon)
Armour
 b - a +0 scale mail (worn)
 c - a +0 shield (worn)
Scrolls
 r - a scroll of identify
 w - 2 scrolls of remove curse
Potions
 d - a potion of might
 i - a potion of flight {unknown}
 j - a potion of degeneration {unknown}
 k - a potion of heal wounds {unknown}
 q - 2 potions of curing
Comestibles
 e - 3 rations
 f - a chunk of flesh


   Skills:
 + Level 4.1 Fighting
 + Level 4.3 Axes
 - Level 3.2 Armour
 - Level 3.2 Shields


You had 3 spell levels left.
You didn't know any spells.
Your spell library was empty.

Dungeon Overview and Level Annotations

Branches:
Dungeon (3/15)

Altars:
Elyvilon
Gozag
Makhleb
Okawaru
Wu Jian
Zin

Annotations:
D:3 Ijyb


Innate Abilities, Weirdness & Mutations

You are resistant to damage.
You can heal yourself by infusing magical energy.
You passively map a small area around you.
You do not regenerate.


Message History

The orc is too close now for your liking.
An orc is nearby!
You block the orc's attack.
You closely miss the orc. The orc closely misses you.
The orc barely misses you.
You closely miss the orc. You block the orc's attack.
Some of the chunks of flesh in your inventory have rotted away.
You hit the orc but do no damage. The orc hits you with a dagger.
You barely miss the orc. The orc hits you but does no damage.
You hit the orc.
The orc is heavily wounded.
The orc hits you with a dagger. x2
You closely miss the orc.
The orc is heavily wounded.
The orc hits you with a dagger.
You hit the orc.
The orc is severely wounded.
You block the orc's attack. The orc barely misses you.
You barely miss the orc.
The orc is severely wounded.
You block the orc's attack.
You are feeling hungry.
You barely miss the orc.
The orc is severely wounded.
The orc barely misses you.
You slash the orc!
You kill the orc!
Makhleb accepts your kill.
No target in view!
Eating one of 2 chunks of flesh.
You eat one of the 2 chunks of flesh.
This raw flesh tastes terrible.
There is a stone staircase leading up here.
Ijyb the Twisted Goblin comes into view.
Ijyb shouts!
You hear a shout!
Found a pair of boots.
Ijyb is nearby!
A kobold comes into view. It is wielding a dagger.
You hit Ijyb but do no damage. Ijyb barely misses you. You block Ijyb's attack.
You completely miss Ijyb.
Ijyb zaps a wand.
The bolt of acid hits you! The acid corrodes you!
You are splashed with acid!
The acid burns!
* * * LOW HITPOINT WARNING * * *
It is a wand of acid (8).
You are too injured to fight recklessly!
You are too injured to fight recklessly!
You are too injured to fight recklessly!
You are too injured to fight recklessly!
You are too injured to fight recklessly!
You are too injured to fight recklessly!
You are too injured to fight recklessly!
You are too injured to fight recklessly!
You are too injured to fight recklessly!
You are too injured to fight recklessly!
You are too injured to fight recklessly!
You are too injured to fight recklessly!
You are too injured to fight recklessly!
You are too injured to fight recklessly!
You are too injured to fight recklessly!
You feel much better. You block Ijyb's attack.
You hit Ijyb.
Ijyb is lightly wounded.
Ijyb hits you but does no damage.
You closely miss Ijyb.
Ijyb is lightly wounded.
Ijyb screams, "Die!"
You block Ijyb's attack. Ijyb hits you. The kobold hits you with a dagger.
You hit Ijyb.
Ijyb is moderately wounded.
You closely miss the kobold. Ijyb hits you. You block the kobold's attack.
You hit Ijyb but do no damage.
Ijyb is moderately wounded.
You miss the kobold. Ijyb closely misses you. You block the kobold's attack.
You slash Ijyb!
Ijyb is heavily wounded.
You hit the kobold. You block Ijyb's attack. The kobold hits you with a dagger.
Ijyb hits you but does no damage. The kobold hits you but does no damage.
You hit Ijyb.
Ijyb is severely wounded.
You hit the kobold but do no damage. Ijyb hits you but does no damage.
You block the kobold's attack.
Your shield prevents you from hitting Ijyb.
Ijyb is severely wounded.
You barely miss the kobold.
Ijyb zaps a wand.
The bolt of acid hits you! The acid corrodes you!
You are splashed with acid!
The acid burns!
The kobold hits you with a dagger. You block Ijyb's attack.
You hit Ijyb but do no damage.
Ijyb is severely wounded.
You hit the kobold.
You kill the kobold!
Makhleb accepts your kill. You block Ijyb's attack.
You completely miss Ijyb.
Ijyb is severely wounded.
Ijyb hits you.
You barely miss Ijyb.
Ijyb is severely wounded.
Ijyb hits you.
You barely miss Ijyb.
Ijyb is severely wounded.
Ijyb hits you.
Ijyb zaps a wand.
The bolt of acid hits you!
You die...

, #.#.#...........#
#.#.#....######## ,
#######........# , ,
..........#..#.#, ####
###.......#....# ...# ,*
.................#.#.###
###.....######.##.......
,
..'.........#....)......,
,
###)....###.#..#@g......
..........#.#..#.....[..
,
.##.....#.#.#..#........
*
.##.<..........#........
*
.##.......#...##.#+#+#.#
* * .##.......#....#.# ,
# ########..#.#..#.# *
#..#.#..#.# , * #..#.#..#


You could see Ijyb.

Vanquished Creatures
  A centaur (D:2)
  An adder (D:2)
  2 worms
  A leopard gecko (D:2)
  An orc (D:3)
  A ball python (D:2)
  A giant cockroach (D:2)
  2 hobgoblins
  9 kobolds
  3 quokkas (D:2)
  4 bats
  A frilled lizard (D:2)
  7 goblins
  6 rats
40 creatures vanquished.

Notes
Turn   | Place    | Note
-------+----------+-------------------------------------------
     0 | D:1      | AxeAttX the Deep Dwarf Fighter began the quest for the Orb.
     0 | D:1      | Reached XP level 1. HP: 20/20 MP: 1/1
    64 | D:1      | Reached skill level 3 in Fighting
    68 | D:1      | Reached XP level 2. HP: 28/28 MP: 2/2
   325 | D:2      | Reached skill level 3 in Axes
   358 | D:2      | Reached XP level 3. HP: 29/34 MP: 3/3
   453 | D:2      | Found a white marble altar of Elyvilon.
   579 | D:2      | Noticed a centaur
   586 | D:2      | Killed a centaur
   586 | D:2      | Reached skill level 4 in Fighting
   586 | D:2      | Reached skill level 4 in Axes
   586 | D:2      | Reached XP level 4. HP: 24/44 MP: 4/4
   634 | D:2      | Found an ornate altar of the Wu Jian Council.
   642 | D:2      | Found a burning altar of Makhleb.
   642 | D:2      | Found an iron altar of Okawaru.
   644 | D:2      | Found an opulent altar of Gozag.
   647 | D:2      | Found a glowing silver altar of Zin.
   650 | D:2      | Became a worshipper of Makhleb the Destroyer
  1021 | D:3      | Noticed Ijyb
  1036 | D:3      | Killed from afar by Ijyb

Skill      XL: |  1  2  3 |
---------------+----------+-----
Fighting       | 3 4 |  4.1
Axes           | 3 4 |  4.3
Armour         | |  3.2
Shields        | |  3.2

Action                   |  1- 3 |  4- 6 || total
-------------------------+-------+-------++-------
Melee: War axe           |    65 |    43 ||   108
 Abil: Heal Wounds       |       |     2 ||     2
  Use: Scroll            |       |     2 ||     2
  Eat: Chunk             |       |     1 ||     1
Armor: Scale mail        |    22 |     9 ||    31
Dodge: Dodged            |    20 |    12 ||    32
Block: Shield            |    42 |    23 ||    65

Vault maps used:
D:1:      scummos_arrival_forest
D:2:      minitemple, elyvilon_altar_5
D:3:      grunt_temple_overflow_growth_and_decay, uniq_ijyb

Table legend:
 A = Turns spent in this place as a percentage of turns spent in the entire game.
 B = Non-inter-level travel turns spent in this place as a percentage of non-inter-level travel turns spent in the entire game.
 C = Inter-level travel turns spent in this place as a percentage of turns spent in this place.
 D = Turns resting spent in this place as a percentage of non-inter-level travel turns spent in this place.
 E = Turns spent auto-exploring this place as a percentage of non-inter-level travel turns spent in this place.
 F = Non-inter-level travel turns spent in this place divided by the number of levels of this place that you've seen.
                   A       B       C       D       E      F
               +-------+-------+-------+-------+-------+----------------------
         Total | 100.0 | 100.0 |   5.5 |   0.0 |  77.8 | 326.3
       Dungeon | 100.0 | 100.0 |   5.5 |   0.0 |  77.8 | 326.3
               +-------+-------+-------+-------+-------+----------------------

Table legend:
 A = Kills in this place as a percentage of kills in entire the game.
 B = Kills by you in this place as a percentage of kills by you in the entire game.
 C = Kills by friends in this place as a percentage of kills by friends in the entire game.
 D = Other kills in this place as a percentage of other kills in the entire game.
 E = Experience gained in this place as a percentage of experience gained in the entire game.
 F = Experience gained in this place divided by the number of levels of this place that you have seen.
                   A       B       C       D       E      F
               +-------+-------+-------+-------+-------+----------------------
         Total | 100.0 | 100.0 |   N/A |   N/A | 100.0 |  65.0
       Dungeon | 100.0 | 100.0 |   N/A |   N/A | 100.0 |  65.0
               +-------+-------+-------+-------+-------+----------------------
